Stars vs Blue Jackets
Created - December 17, 2017 at 20:11
Goals
|
| Stars |
0 |
1 |
1 |
0 |
0 |
2 |
| Blue Jackets |
1 |
0 |
1 |
0 |
1 |
3 |
|
Shots
|
| Stars |
3 |
19 |
7 |
0 |
3 |
29 |
| Blue Jackets |
12 |
6 |
5 |
1 |
2 |
24 |
|
1st period
1. Blue Jackets , Peter Worrell 4 (Mike Brown 3, Peter Mueller 12) at 9:27
Penalties :
Radim Vrbata (Dal) for Roughing (Minor) at 1:52, Peter Worrell (Clb) for Holding (Minor) at 13:31
2nd period
2. Stars , Michael Frolik 18 (John Tavares 23, Scott Hartnell 14) at 14:41 (PP)
Penalties :
Kevin Bieksa (Clb) for Hooking (Minor) at 14:21, Andrei Markov (Dal) for Goalie Interference (Minor) at 15:55
3rd period
3. Blue Jackets , Martin Havlat 13 (Kevin Bieksa 5, Pavel Datsyuk 32) at 0:06
4. Stars , Matt Cooke 5 (Rickard Wallin 5, Evgeny Artyukhin 7) at 8:26
Penalties :
Brian Lee (Dal) for Interference (Minor) at 9:31, Brian Lee (Dal) for Cross-checking (Minor) at 14:11, Peter Worrell (Clb) for High sticking (Minor) at 16:47, Michael Frolik (Dal) for Interference (Minor) at 17:08
Overtime #1
No Goal
Penalties :
No Penalty
Shootout
Penalty Shot by John Tavares for Stars - Stopped by Keith Kinkaid
Penalty Shot by Jeff Taffe for Blue Jackets - Stopped by Pascal Leclaire
Penalty Shot by Scott Hartnell for Stars - Stopped by Keith Kinkaid
Penalty Shot by Pavel Datsyuk for Blue Jackets - Goal!
Penalty Shot by Jussi Jokinen for Stars - Stopped by Keith Kinkaid
Penalties :
No Penalty
Goalie Stats
Pascal Leclaire (Dal), 22 saves from 24 shots - (0.917), OTL, 11-9-2, 65:00 minutes
Keith Kinkaid (Clb), 27 saves from 29 shots - (0.931), W, 2-2-0, 65:00 minutes
Players Stats for Stars
Player Name G A P +/- PIM S H SB GA TA FO MP PP MP PK MP
------------------------------------------------------------------------------------
Andrei Markov 0 0 0 0 2 2 1 0 0 0 0/0 22:17 1:28 2:41
Brian Lee 0 0 0 -1 4 5 4 2 0 0 0/0 25:15 1:12 2:18
Daniel Cleary 0 0 0 0 0 0 0 1 0 0 0/0 7:13 0:00 0:00
Dustin Penner 0 0 0 0 0 0 1 0 0 0 0/0 11:06 0:00 0:59
Evgeny Artyukhin 0 1 1 0 0 1 2 0 1 1 0/0 15:38 0:00 2:02
John Tavares 0 1 1 -1 0 3 3 1 0 0 10/32 27:14 1:39 4:05
Johnny Oduya 0 0 0 -1 0 0 2 2 0 2 0/0 28:20 1:12 4:43
Jussi Jokinen 0 0 0 0 0 3 2 0 0 0 0/0 19:10 1:01 2:25
Matt Cooke 1 0 1 0 0 1 1 0 0 0 1/2 13:15 0:00 0:07
Michael Frolik 1 0 1 -1 2 4 2 1 1 0 2/2 20:04 1:38 2:17
Phil Oreskovic 0 0 0 0 0 0 0 0 0 0 0/0 4:17 0:00 0:39
Radim Vrbata 0 0 0 0 2 3 1 1 1 0 0/0 14:58 1:01 0:00
Raphael Diaz 0 0 0 0 0 0 1 0 0 0 0/0 12:42 0:00 0:00
Rickard Wallin 0 1 1 0 0 2 2 2 0 0 2/3 11:41 0:00 0:31
Ryan Getzlaf 0 0 0 0 0 3 2 0 1 0 4/9 15:05 1:01 0:00
Scott Hartnell 0 1 1 -1 0 1 0 2 1 0 1/2 23:42 1:39 4:08
Shaone Morrisonn 0 0 0 0 0 1 1 0 0 0 0/0 15:16 0:00 2:39
Trevor Daley 0 0 0 0 0 0 1 1 0 1 0/0 22:47 1:28 3:34
Players Stats for Blue Jackets
Player Name G A P +/- PIM S H SB GA TA FO MP PP MP PK MP
------------------------------------------------------------------------------------
A.J Thelen 0 0 0 0 0 1 0 1 0 0 0/0 13:39 0:00 0:20
Andreas Nodl 0 0 0 0 0 1 3 1 0 0 0/0 14:45 3:50 0:00
Branislav Mezei 0 0 0 1 0 0 1 1 0 1 0/0 29:22 4:47 1:12
Fedor Fedorov 0 0 0 0 0 0 3 0 0 0 0/0 4:56 0:08 0:39
Jan Bulis 0 0 0 0 0 0 0 0 0 0 1/2 6:22 3:50 0:03
Jeff Taffe 0 0 0 0 0 0 2 0 0 0 0/0 14:07 0:00 0:38
Kevin Bieksa 0 1 1 1 2 1 3 2 1 1 0/0 29:10 4:47 0:52
Kevin Porter 0 0 0 0 0 2 1 0 0 0 1/2 14:22 0:24 0:00
Mark Stone 0 0 0 0 0 0 0 0 0 0 0/0 5:44 0:08 0:00
Martin Havlat 1 0 1 1 0 3 3 0 2 0 0/1 22:55 4:17 0:40
Mike Brown 0 1 1 0 0 1 0 0 0 0 0/0 14:32 0:00 0:00
Mike Commodore 0 0 0 0 0 2 0 1 0 1 0/0 13:30 0:00 0:00
Mike York 0 0 0 1 0 2 2 2 0 0 4/7 26:14 4:03 1:42
Pavel Datsyuk 0 1 1 1 0 1 0 0 1 1 14/22 24:20 4:19 1:38
Peter Mueller 0 1 1 0 0 5 2 1 0 0 10/16 17:58 0:00 0:00
Peter Worrell 1 0 1 0 4 4 3 0 0 0 0/0 19:25 3:52 0:00
Tim Ramholt 0 0 0 0 0 1 1 2 0 1 0/0 22:07 3:30 1:28
Torey Krug 0 0 0 0 0 0 3 2 0 0 0/0 22:11 3:30 1:28
3 Stars
1 - Martin Havlat (Clb)
2 - Matt Cooke (Dal)
3 - Keith Kinkaid (Clb)
Power Play
Stars - 1 on 3 Attempt(s) - 33.33%
Blue Jackets - 0 on 5 Attempt(s) - 0.00%
Penalty Kill
Stars - 5 on 5 Attempt(s) - 100.00%
- Score 0 goal in Penalty Kill
Blue Jackets - 2 on 3 Attempt(s) - 66.67%
- Score 0 goal in Penalty Kill
Team Stat
Stars - Hits : 26 - Faceoff Wins : 20 - Blocked Shots : 13 - Penalty Minutes : 10
Blue Jackets - Hits : 27 - Faceoff Wins : 30 - Blocked Shots : 13 - Penalty Minutes : 6
Official
Referees : O'Rourke Dan and L'Ecuyer Frederick
Linesman : Steve Miller and Bryan Pancich
Game Notes
No Game Note
Finance
Level 1 -- Attendance: 4323 (72.05%) -- Ticket Income $410,685
Level 2 -- Attendance: 4046 (80.92%) -- Ticket Income $242,760
Level 3 -- Attendance: 1834 (91.70%) -- Ticket Income $64,190
Level 4 -- Attendance: 3816 (95.40%) -- Ticket Income $95,400
Luxury Box -- Attendance: 727 (72.70%) -- Ticket Income $138,130
Game was played at the Ohio State Arena.
Total Attendance: 14746 (81.92%)
Total Ticket Income: $951,165
Other Income: $142,675
Total Income: $1,093,840
Stars
5 vs 5 Forward
Center Left Wing Right Wing Time % Phy DF OF
1 John Tavares Scott Hartnell Michael Frolik 40 1 2 2
2 Ryan Getzlaf Jussi Jokinen Radim Vrbata 30 1 2 2
3 Rickard Wallin Matt Cooke Evgeny Artyukhin 20 1 2 2
4 John Tavares Dustin Penner Daniel Cleary 10 1 2 2
5 vs 5 Defense
Defense Defense Time % Phy DF OF
1 Johnny Oduya Brian Lee 40 1 2 2
2 Trevor Daley Andrei Markov 30 1 2 2
3 Raphael Diaz Shaone Morrisonn 20 1 2 2
4 Phil Oreskovic Johnny Oduya 10 1 2 2
PowerPlay Forward
Center Left Wing Right Wing Time % Phy DF OF
1 John Tavares Scott Hartnell Michael Frolik 60 1 2 2
2 Ryan Getzlaf Jussi Jokinen Radim Vrbata 40 1 2 2
PowerPlay Defense
Defense Defense Time % Phy DF OF
1 Johnny Oduya Brian Lee 60 1 2 2
2 Trevor Daley Andrei Markov 40 1 2 2
Penalty Kill 4 Players Forward
Center Wing Time % Phy DF OF
1 John Tavares Scott Hartnell 60 1 2 2
2 Jussi Jokinen Michael Frolik 40 1 2 2
Penalty Kill 4 Players Defense
Defense Defense Time % Phy DF OF
1 Johnny Oduya Brian Lee 60 1 2 2
2 Trevor Daley Andrei Markov 40 1 2 2
Penalty Kill - 3 Players Forward
Forward Time % Phy DF OF
1 John Tavares 60 1 2 2
2 Scott Hartnell 40 1 2 2
Penalty Kill - 3 Players Defense
Defense Defense Time % Phy DF OF
1 Johnny Oduya Brian Lee 60 1 2 2
2 Trevor Daley Andrei Markov 40 1 2 2
4 vs 4 Forward
Center Wing Time % Phy DF OF
1 John Tavares Scott Hartnell 60 1 2 2
2 Jussi Jokinen Michael Frolik 40 1 2 2
4 vs 4 Defense
Defense Defense Time % Phy DF OF
1 Johnny Oduya Brian Lee 60 1 2 2
2 Trevor Daley Andrei Markov 40 1 2 2
Last Minutes Offensive
Center Left Wing Right Wing Defense Defense
John Tavares Scott Hartnell Michael Frolik Johnny Oduya Brian Lee
Last Minutes Defensive
Center Left Wing Right Wing Defense Defense
John Tavares Scott Hartnell Michael Frolik Johnny Oduya Brian Lee
Goaltenders
Starting : Pascal Leclaire
Backup : Miika Kiprusoff
Extra Forwards
Normal : Matt Cooke, Dustin Penner, Evgeny Artyukhin - PP : Matt Cooke, Dustin Penner - PK : Evgeny Artyukhin
Extra Defensemen
Normal : Raphael Diaz, Shaone Morrisonn, Phil Oreskovic - PP : Raphael Diaz - PK : Shaone Morrisonn, Phil Oreskovic
Penalty Shots
John Tavares, Scott Hartnell, Jussi Jokinen, Michael Frolik, Ryan Getzlaf
Scratches
Michal Handzus (Strained Groin Injury)
Blue Jackets
5 vs 5 Forward
Center Left Wing Right Wing Time % Phy DF OF
1 Pavel Datsyuk Mike York Martin Havlat 40 1 2 2
2 Peter Mueller Peter Worrell Mike Brown 30 1 2 2
3 Peter Mueller Mike York Mark Stone 20 1 2 2
4 Kevin Porter Jeff Taffe Andreas Nodl 10 1 2 2
5 vs 5 Defense
Defense Defense Time % Phy DF OF
1 Branislav Mezei Kevin Bieksa 40 1 2 2
2 Tim Ramholt Torey Krug 30 1 2 2
3 Mike Commodore A.J Thelen 20 1 2 2
4 Branislav Mezei Kevin Bieksa 10 1 2 2
PowerPlay Forward
Center Left Wing Right Wing Time % Phy DF OF
1 Pavel Datsyuk Mike York Martin Havlat 60 1 2 2
2 Jan Bulis Peter Worrell Andreas Nodl 40 1 2 2
PowerPlay Defense
Defense Defense Time % Phy DF OF
1 Branislav Mezei Kevin Bieksa 60 1 2 2
2 Tim Ramholt Torey Krug 40 1 2 2
Penalty Kill 4 Players Forward
Center Wing Time % Phy DF OF
1 Mike York Pavel Datsyuk 60 1 2 2
2 Martin Havlat Peter Worrell 40 1 2 2
Penalty Kill 4 Players Defense
Defense Defense Time % Phy DF OF
1 Branislav Mezei Kevin Bieksa 60 1 2 2
2 Tim Ramholt Torey Krug 40 1 2 2
Penalty Kill - 3 Players Forward
Forward Time % Phy DF OF
1 Martin Havlat 60 1 2 2
2 Pavel Datsyuk 40 1 2 2
Penalty Kill - 3 Players Defense
Defense Defense Time % Phy DF OF
1 Branislav Mezei Kevin Bieksa 60 1 2 2
2 Tim Ramholt Torey Krug 40 1 2 2
4 vs 4 Forward
Center Wing Time % Phy DF OF
1 Mike York Pavel Datsyuk 60 1 2 2
2 Martin Havlat Peter Worrell 40 1 2 2
4 vs 4 Defense
Defense Defense Time % Phy DF OF
1 Branislav Mezei Kevin Bieksa 60 1 2 2
2 Tim Ramholt Torey Krug 40 1 2 2
Last Minutes Offensive
Center Left Wing Right Wing Defense Defense
Pavel Datsyuk Jan Bulis Martin Havlat Branislav Mezei Kevin Bieksa
Last Minutes Defensive
Center Left Wing Right Wing Defense Defense
Pavel Datsyuk Jan Bulis Martin Havlat Branislav Mezei Kevin Bieksa
Goaltenders
Starting : Keith Kinkaid
Backup : Rick DiPietro
Extra Forwards
Normal : Kevin Porter, Mike York, Jeff Taffe - PP : Kevin Porter, Mike York - PK : Jeff Taffe
Extra Defensemen
Normal : Mike Commodore, A.J Thelen, Tim Ramholt - PP : Mike Commodore - PK : A.J Thelen, Tim Ramholt
Penalty Shots
Jeff Taffe, Pavel Datsyuk, Martin Havlat, Peter Worrell, Mike York
Scratches
Dave Steckel (Healthy), David Booth (Facial Surgery Injury), Mike Lundin (Broken Right Thumb Injury)
% Time on Ice - Stars
Lines # - Real PCT - Wanted PCT - Time Play
Normal Forward
1 - 33% - 40% - 15:46
2 - 30% - 30% - 14:11
3 - 22% - 20% - 10:15
4 - 15% - 10% - 7:13
Normal Defense
1 - 36% - 40% - 17:06
2 - 32% - 30% - 15:08
3 - 25% - 20% - 11:53
4 - 7% - 10% - 3:18
PP Forward
1 - 62% - 60% - 1:39
2 - 38% - 40% - 1:01
PP Defense
1 - 45% - 60% - 1:12
2 - 55% - 40% - 1:28
PK Forward
1 - 71% - 60% - 5:52
2 - 29% - 40% - 2:25
PK Defense
1 - 57% - 60% - 4:43
2 - 43% - 40% - 3:34
PK3 Forward
1 - 0% - 60%
2 - 0% - 40%
PK3 Defense
1 - 0% - 60%
2 - 0% - 40%
44 Forward
1 - 77% - 60% - 5:05
2 - 23% - 40% - 1:33
44 Defense
1 - 61% - 60% - 4:01
2 - 39% - 40% - 2:37
Last Minute Offensive - 0:00
Last Minute Defensive - 0:00
Total
Forward - 65:00
Defense - 65:00
|
% Time on Ice - Blue Jackets
Lines # - Real PCT - Wanted PCT - Time Play
Normal Forward
1 - 35% - 40% - 16:34
2 - 31% - 30% - 14:43
3 - 11% - 20% - 5:24
4 - 23% - 10% - 10:44
Normal Defense
1 - 38% - 40% - 17:48
2 - 32% - 30% - 15:06
3 - 26% - 20% - 12:26
4 - 4% - 10% - 2:05
PP Forward
1 - 54% - 60% - 4:27
2 - 46% - 40% - 3:50
PP Defense
1 - 58% - 60% - 4:47
2 - 42% - 40% - 3:30
PK Forward
1 - 75% - 60% - 2:00
2 - 25% - 40% - 0:40
PK Defense
1 - 45% - 60% - 1:12
2 - 55% - 40% - 1:28
PK3 Forward
1 - 0% - 60%
2 - 0% - 40%
PK3 Defense
1 - 0% - 60%
2 - 0% - 40%
44 Forward
1 - 74% - 60% - 4:56
2 - 26% - 40% - 1:42
44 Defense
1 - 66% - 60% - 4:23
2 - 34% - 40% - 2:15
Last Minute Offensive - 0:00
Last Minute Defensive - 0:00
Total
Forward - 65:00
Defense - 65:00
|
Play by Play
1st period
0:01 of 1st period - Pavel Datsyuk wins face-off versus John Tavares in neutral zone.
0:08 of 1st period - Wrist shot by Martin Havlat.
0:08 of 1st period - Deflect By Pavel Datsyuk.
0:08 of 1st period - Stopped by Pascal Leclaire with a rebound.
0:47 of 1st period - Snap shot by Evgeny Artyukhin.
0:47 of 1st period - Shot Misses the Net.
1:00 of 1st period - Tim Ramholt is hit by Brian Lee and loses puck.
1:13 of 1st period - John Tavares is hit by Tim Ramholt and loses puck.
1:44 of 1st period - Snap shot by Peter Mueller.
1:44 of 1st period - Shot Blocked by Radim Vrbata.
1:46 of 1st period - Wrist shot by Torey Krug.
1:46 of 1st period - Shot Misses the Net.
1:52 of 1st period - Minor Penalty to Radim Vrbata for Roughing.
1:53 of 1st period - Pavel Datsyuk wins face-off versus John Tavares in Stars zone.
1:58 of 1st period - Wrist shot by Pavel Datsyuk.
1:58 of 1st period - Shot Blocked by Scott Hartnell.
2:18 of 1st period - John Tavares is hit by Peter Worrell and loses puck.
3:39 of 1st period - Jussi Jokinen is hit by Peter Worrell and loses puck.
3:52 of 1st period - Penalty to Radim Vrbata is over, Radim Vrbata is back on ice.
5:04 of 1st period - Snap shot by John Tavares.
5:04 of 1st period - Shot Misses the Net.
6:01 of 1st period - Off-side.
6:02 of 1st period - Peter Mueller wins face-off versus Rickard Wallin in neutral zone.
6:05 of 1st period - Slapshot by Mike Commodore.
6:05 of 1st period - Shot Blocked by Rickard Wallin.
6:07 of 1st period - Slapshot by A.J Thelen.
6:07 of 1st period - Stopped by Pascal Leclaire without a rebound.
6:08 of 1st period - Pavel Datsyuk wins face-off versus John Tavares in Stars zone.
7:02 of 1st period - Snap shot by Jussi Jokinen.
7:02 of 1st period - Stopped by Keith Kinkaid without a rebound.
7:03 of 1st period - Michael Frolik wins face-off versus Pavel Datsyuk in Blue Jackets zone.
7:08 of 1st period - Snap shot by Michael Frolik.
7:08 of 1st period - Shot Blocked by Torey Krug.
7:30 of 1st period - Wrist shot by Peter Mueller.
7:30 of 1st period - Stopped by Pascal Leclaire with a rebound.
7:32 of 1st period - Wrist shot by Mike Brown.
7:32 of 1st period - Shot Misses the Net.
7:34 of 1st period - Snap shot by Tim Ramholt.
7:34 of 1st period - Stopped by Pascal Leclaire without a rebound.
7:35 of 1st period - Peter Mueller wins face-off versus Ryan Getzlaf in Stars zone.
7:38 of 1st period - Snap shot by Peter Worrell.
7:38 of 1st period - Shot Misses the Net.
8:07 of 1st period - Mike York is hit by Johnny Oduya and loses puck.
8:30 of 1st period - Snap shot by Andreas Nodl.
8:30 of 1st period - Shot Blocked by Johnny Oduya.
8:32 of 1st period - Backhand shot by Torey Krug.
8:32 of 1st period - Shot Blocked by Johnny Oduya.
8:44 of 1st period - Wrist shot by Matt Cooke.
8:44 of 1st period - Shot Blocked by Torey Krug.
8:46 of 1st period - Slapshot by Brian Lee.
8:46 of 1st period - Stopped by Keith Kinkaid with a rebound.
8:48 of 1st period - Wrist shot by Rickard Wallin.
8:48 of 1st period - Shot Misses the Net.
8:52 of 1st period - Wrist shot by Evgeny Artyukhin.
8:52 of 1st period - Stopped by Keith Kinkaid without a rebound.
8:53 of 1st period - John Tavares wins face-off versus Pavel Datsyuk in Blue Jackets zone.
9:04 of 1st period - Slapshot by Michael Frolik.
9:04 of 1st period - Shot Misses the Net.
9:06 of 1st period - Snap shot by Michael Frolik.
9:06 of 1st period - Shot Blocked by Branislav Mezei.
9:20 of 1st period - Evgeny Artyukhin is hit by Kevin Bieksa and loses puck.
9:27 of 1st period - Wrist shot by Peter Worrell.
9:27 of 1st period - Goal by Peter Worrell - Stars : 0 - Blue Jackets : 1.
9:28 of 1st period - Mike York wins face-off versus John Tavares in neutral zone.
9:55 of 1st period - Branislav Mezei is hit by Ryan Getzlaf.
10:01 of 1st period - Snap shot by Peter Mueller.
10:01 of 1st period - Shot Misses the Net.
10:03 of 1st period - Wrist shot by Peter Worrell.
10:03 of 1st period - Stopped by Pascal Leclaire with a rebound.
10:13 of 1st period - Slapshot by Kevin Porter.
10:13 of 1st period - Shot Misses the Net.
10:21 of 1st period - Snap shot by Andreas Nodl.
10:21 of 1st period - Shot Misses the Net.
10:23 of 1st period - Slapshot by Tim Ramholt.
10:23 of 1st period - Shot Misses the Net.
10:33 of 1st period - Snap shot by Evgeny Artyukhin.
10:33 of 1st period - Shot Blocked by Mike York.
10:35 of 1st period - Slapshot by Andrei Markov.
10:35 of 1st period - Shot Blocked by Tim Ramholt.
10:54 of 1st period - Off-side.
10:55 of 1st period - Peter Mueller wins face-off versus John Tavares in neutral zone.
10:58 of 1st period - Brian Lee is hit by Peter Worrell.
11:50 of 1st period - Wrist shot by Kevin Porter.
11:50 of 1st period - Stopped by Pascal Leclaire without a rebound.
11:51 of 1st period - Peter Mueller wins face-off versus John Tavares in Stars zone.
11:56 of 1st period - Snap shot by Peter Mueller.
11:56 of 1st period - Shot Misses the Net.
11:58 of 1st period - Slapshot by Mike Commodore.
11:58 of 1st period - Stopped by Pascal Leclaire with a rebound.
12:00 of 1st period - Wrist shot by Mike York.
12:00 of 1st period - Shot Misses the Net.
12:02 of 1st period - Slapshot by Mark Stone.
12:02 of 1st period - Shot Hit the Post.
12:04 of 1st period - Snap shot by Peter Mueller.
12:04 of 1st period - Stopped by Pascal Leclaire without a rebound.
12:05 of 1st period - John Tavares wins face-off versus Peter Mueller in Stars zone.
12:12 of 1st period - Snap shot by Peter Mueller.
12:12 of 1st period - Stopped by Pascal Leclaire with a rebound.
12:38 of 1st period - Icing by Branislav Mezei.
12:39 of 1st period - Ryan Getzlaf wins face-off versus Kevin Porter in Blue Jackets zone.
13:16 of 1st period - Snap shot by Mike York.
13:16 of 1st period - Stopped by Pascal Leclaire with a rebound.
13:31 of 1st period - Minor Penalty to Peter Worrell for Holding.
13:32 of 1st period - Ryan Getzlaf wins face-off versus Pavel Datsyuk in Blue Jackets zone.
14:41 of 1st period - Jeff Taffe is hit by Michael Frolik and loses puck.
14:52 of 1st period - Brian Lee is hit by Martin Havlat and loses puck.
15:09 of 1st period - Andrei Markov is hit by Torey Krug and loses puck.
15:31 of 1st period - Penalty to Peter Worrell is over, Peter Worrell is back on ice.
15:48 of 1st period - Snap shot by Peter Worrell.
15:48 of 1st period - Stopped by Pascal Leclaire with a rebound.
15:50 of 1st period - Wrist shot by Peter Worrell.
15:50 of 1st period - Shot Blocked by Rickard Wallin.
16:20 of 1st period - Peter Mueller is hit by Evgeny Artyukhin and loses puck.
17:36 of 1st period - Michael Frolik is hit by Fedor Fedorov and loses puck.
17:53 of 1st period - Branislav Mezei is hit by Raphael Diaz and loses puck.
19:32 of 1st period - Wrist shot by Jan Bulis.
19:32 of 1st period - Shot Misses the Net.
Goals for this period are 0 for Stars vs 1 for Blue Jackets.
Shots for this period are 3 for Stars vs 12 for Blue Jackets.
2nd period
0:01 of 2nd period - Pavel Datsyuk wins face-off versus John Tavares in neutral zone.
0:03 of 2nd period - Off-side.
0:04 of 2nd period - Pavel Datsyuk wins face-off versus Scott Hartnell in neutral zone.
0:29 of 2nd period - Slapshot by Mike Brown.
0:29 of 2nd period - Stopped by Pascal Leclaire without a rebound.
0:30 of 2nd period - Peter Mueller wins face-off versus Ryan Getzlaf in Stars zone.
0:31 of 2nd period - Snap shot by Peter Worrell.
0:31 of 2nd period - Shot Misses the Net.
0:56 of 2nd period - Michael Frolik is hit by Mike York and loses puck.
1:05 of 2nd period - Scott Hartnell is hit by Mike York.
1:21 of 2nd period - Wrist shot by Andreas Nodl.
1:21 of 2nd period - Shot Misses the Net.
2:29 of 2nd period - Jeff Taffe is hit by Brian Lee and loses puck.
2:36 of 2nd period - Radim Vrbata is hit by Andreas Nodl and loses puck.
3:14 of 2nd period - Matt Cooke is hit by Peter Mueller and loses puck.
3:51 of 2nd period - Slapshot by Michael Frolik.
3:51 of 2nd period - Stopped by Keith Kinkaid with a rebound.
4:03 of 2nd period - Ryan Getzlaf is hit by Fedor Fedorov and loses puck.
4:20 of 2nd period - Wrist shot by Dustin Penner.
4:20 of 2nd period - Deflect By John Tavares.
4:20 of 2nd period - Shot Blocked by Peter Mueller.
4:20 of 2nd period - Puck is out of play.
4:21 of 2nd period - Peter Mueller wins face-off versus John Tavares in Blue Jackets zone.
4:33 of 2nd period - Icing by Peter Worrell.
4:34 of 2nd period - Ryan Getzlaf wins face-off versus Peter Mueller in Blue Jackets zone.
4:35 of 2nd period - Snap shot by Radim Vrbata.
4:35 of 2nd period - Stopped by Keith Kinkaid without a rebound.
4:36 of 2nd period - Pavel Datsyuk wins face-off versus Ryan Getzlaf in Blue Jackets zone.
4:40 of 2nd period - Off-side.
4:41 of 2nd period - Ryan Getzlaf wins face-off versus Pavel Datsyuk in neutral zone.
4:50 of 2nd period - Snap shot by Martin Havlat.
4:50 of 2nd period - Stopped by Pascal Leclaire with a rebound.
4:52 of 2nd period - Slapshot by Kevin Bieksa.
4:52 of 2nd period - Deflect By Pavel Datsyuk.
4:52 of 2nd period - Shot Misses the Net.
4:52 of 2nd period - Puck is out of play.
4:53 of 2nd period - Pavel Datsyuk wins face-off versus John Tavares in Stars zone.
5:18 of 2nd period - Mike Brown is hit by Jussi Jokinen and loses puck.
5:25 of 2nd period - Wrist shot by Ryan Getzlaf.
5:25 of 2nd period - Stopped by Keith Kinkaid with a rebound.
5:27 of 2nd period - Snap shot by Andrei Markov.
5:27 of 2nd period - Stopped by Keith Kinkaid with a rebound.
5:29 of 2nd period - Slapshot by Andrei Markov.
5:29 of 2nd period - Stopped by Keith Kinkaid with a rebound.
5:36 of 2nd period - Icing by Peter Worrell.
5:37 of 2nd period - Matt Cooke wins face-off versus Peter Mueller in Blue Jackets zone.
5:42 of 2nd period - Snap shot by Scott Hartnell.
5:42 of 2nd period - Stopped by Keith Kinkaid without a rebound.
5:43 of 2nd period - Pavel Datsyuk wins face-off versus John Tavares in Blue Jackets zone.
6:22 of 2nd period - Snap shot by Matt Cooke.
6:22 of 2nd period - Shot Misses the Net.
8:18 of 2nd period - Mike Brown is hit by Matt Cooke and loses puck.
9:16 of 2nd period - Evgeny Artyukhin is hit by Jeff Taffe and loses puck.
10:00 of 2nd period - Wrist shot by Jussi Jokinen.
10:00 of 2nd period - Shot Misses the Net.
10:48 of 2nd period - Radim Vrbata is hit by Peter Mueller and loses puck.
11:13 of 2nd period - Trevor Daley is hit by Martin Havlat and loses puck.
11:33 of 2nd period - Andreas Nodl is hit by Rickard Wallin and loses puck.
14:21 of 2nd period - Minor Penalty to Kevin Bieksa for Hooking.
14:22 of 2nd period - Michael Frolik wins face-off versus Mike York in Blue Jackets zone.
14:25 of 2nd period - Wrist shot by Michael Frolik.
14:25 of 2nd period - Deflect By Scott Hartnell.
14:25 of 2nd period - Shot Misses the Net.
14:25 of 2nd period - Puck is out of play.
14:26 of 2nd period - John Tavares wins face-off versus Mike York in Blue Jackets zone.
14:33 of 2nd period - Slapshot by John Tavares.
14:33 of 2nd period - Stopped by Keith Kinkaid without a rebound.
14:34 of 2nd period - Scott Hartnell wins face-off versus Mike York in Blue Jackets zone.
14:41 of 2nd period - Snap shot by Michael Frolik.
14:41 of 2nd period - Goal by Michael Frolik - Stars : 1 - Blue Jackets : 1.
14:42 of 2nd period - Pavel Datsyuk wins face-off versus John Tavares in neutral zone.
14:42 of 2nd period - Martin Havlat is hit by John Tavares and loses puck.
14:47 of 2nd period - Snap shot by Michael Frolik.
14:47 of 2nd period - Stopped by Keith Kinkaid without a rebound.
14:48 of 2nd period - Pavel Datsyuk wins face-off versus John Tavares in Blue Jackets zone.
14:48 of 2nd period - Pavel Datsyuk is hit by Brian Lee.
14:51 of 2nd period - Mike York is hit by Brian Lee and loses puck.
14:58 of 2nd period - Snap shot by Michael Frolik.
14:58 of 2nd period - Stopped by Keith Kinkaid with a rebound.
15:00 of 2nd period - Snap shot by Johnny Oduya.
15:00 of 2nd period - Shot Hit the Post.
15:02 of 2nd period - Wrist shot by Michael Frolik.
15:02 of 2nd period - Shot Misses the Net.
15:04 of 2nd period - Snap shot by Brian Lee.
15:04 of 2nd period - Stopped by Keith Kinkaid with a rebound.
15:46 of 2nd period - Slapshot by Jussi Jokinen.
15:46 of 2nd period - Deflect By Radim Vrbata.
15:46 of 2nd period - Stopped by Keith Kinkaid without a rebound.
15:47 of 2nd period - John Tavares wins face-off versus Peter Mueller in Blue Jackets zone.
15:55 of 2nd period - Minor Penalty to Andrei Markov for Goalie Interference.
15:56 of 2nd period - Pavel Datsyuk wins face-off versus John Tavares in Stars zone.
16:23 of 2nd period - Off-side.
16:24 of 2nd period - Jan Bulis wins face-off versus John Tavares in neutral zone.
16:49 of 2nd period - Mike York is hit by Jussi Jokinen and loses puck.
16:56 of 2nd period - Wrist shot by Michael Frolik.
16:56 of 2nd period - Shot Misses the Net.
16:58 of 2nd period - Snap shot by Jussi Jokinen.
16:58 of 2nd period - Stopped by Keith Kinkaid with a rebound.
17:00 of 2nd period - Snap shot by Shaone Morrisonn.
17:00 of 2nd period - Stopped by Keith Kinkaid with a rebound.
17:55 of 2nd period - Penalty to Andrei Markov is over, Andrei Markov is back on ice.
18:06 of 2nd period - Snap shot by Ryan Getzlaf.
18:06 of 2nd period - Stopped by Keith Kinkaid with a rebound.
18:08 of 2nd period - Wrist shot by Jussi Jokinen.
18:08 of 2nd period - Shot Blocked by Mike Commodore.
18:10 of 2nd period - Slapshot by Ryan Getzlaf.
18:10 of 2nd period - Stopped by Keith Kinkaid with a rebound.
18:14 of 2nd period - Snap shot by Jussi Jokinen.
18:14 of 2nd period - Stopped by Keith Kinkaid without a rebound.
18:15 of 2nd period - Rickard Wallin wins face-off versus Peter Mueller in Blue Jackets zone.
18:18 of 2nd period - Snap shot by Matt Cooke.
18:18 of 2nd period - Shot Blocked by Mike York.
18:20 of 2nd period - Wrist shot by Rickard Wallin.
18:20 of 2nd period - Stopped by Keith Kinkaid without a rebound.
18:21 of 2nd period - Peter Mueller wins face-off versus Matt Cooke in Blue Jackets zone.
18:36 of 2nd period - Slapshot by Brian Lee.
18:36 of 2nd period - Stopped by Keith Kinkaid with a rebound.
18:46 of 2nd period - Slapshot by Andreas Nodl.
18:46 of 2nd period - Stopped by Pascal Leclaire with a rebound.
18:48 of 2nd period - Snap shot by Kevin Porter.
18:48 of 2nd period - Shot Misses the Net.
18:50 of 2nd period - Snap shot by Kevin Porter.
18:50 of 2nd period - Stopped by Pascal Leclaire with a rebound.
19:16 of 2nd period - Snap shot by Peter Mueller.
19:16 of 2nd period - Stopped by Pascal Leclaire without a rebound.
19:17 of 2nd period - Pavel Datsyuk wins face-off versus John Tavares in Stars zone.
19:18 of 2nd period - Wrist shot by Martin Havlat.
19:18 of 2nd period - Shot Blocked by Trevor Daley.
19:20 of 2nd period - Slapshot by Branislav Mezei.
19:20 of 2nd period - Shot Misses the Net.
19:22 of 2nd period - Wrist shot by Martin Havlat.
19:22 of 2nd period - Stopped by Pascal Leclaire with a rebound.
19:24 of 2nd period - Wrist shot by Pavel Datsyuk.
19:24 of 2nd period - Deflect By Mike York.
19:24 of 2nd period - Shot Misses the Net.
19:24 of 2nd period - Puck is out of play.
19:25 of 2nd period - John Tavares wins face-off versus Pavel Datsyuk in Stars zone.
19:32 of 2nd period - Slapshot by Trevor Daley.
19:32 of 2nd period - Deflect By Michael Frolik.
19:32 of 2nd period - Deflect By Pavel Datsyuk.
19:32 of 2nd period - Shot Blocked by Kevin Bieksa.
19:32 of 2nd period - Puck is out of play.
19:33 of 2nd period - Pavel Datsyuk wins face-off versus John Tavares in Blue Jackets zone.
19:33 of 2nd period - Pavel Datsyuk is hit by Michael Frolik.
Goals for this period are 1 for Stars vs 0 for Blue Jackets.
Shots for this period are 19 for Stars vs 6 for Blue Jackets.
3rd period
0:01 of 3rd period - Pavel Datsyuk wins face-off versus John Tavares in neutral zone.
0:04 of 3rd period - Slapshot by Kevin Bieksa.
0:04 of 3rd period - Stopped by Pascal Leclaire with a rebound.
0:06 of 3rd period - Snap shot by Martin Havlat.
0:06 of 3rd period - Goal by Martin Havlat - Stars : 1 - Blue Jackets : 2.
0:07 of 3rd period - John Tavares wins face-off versus Pavel Datsyuk in neutral zone.
1:20 of 3rd period - Snap shot by Pavel Datsyuk.
1:20 of 3rd period - Shot Blocked by Brian Lee.
1:22 of 3rd period - Snap shot by Pavel Datsyuk.
1:22 of 3rd period - Shot Blocked by Brian Lee.
1:24 of 3rd period - Snap shot by Pavel Datsyuk.
1:24 of 3rd period - Shot Blocked by John Tavares.
1:26 of 3rd period - Wrist shot by Mike York.
1:26 of 3rd period - Shot Misses the Net.
1:42 of 3rd period - Snap shot by Peter Worrell.
1:42 of 3rd period - Stopped by Pascal Leclaire with a rebound.
2:19 of 3rd period - Wrist shot by Mike York.
2:19 of 3rd period - Stopped by Pascal Leclaire with a rebound.
2:41 of 3rd period - Trevor Daley is hit by Kevin Bieksa and loses puck.
3:42 of 3rd period - Mike Commodore is hit by Ryan Getzlaf and loses puck.
4:10 of 3rd period - Mike York is hit by Rickard Wallin and loses puck.
4:53 of 3rd period - Torey Krug is hit by Dustin Penner.
4:57 of 3rd period - Dustin Penner is hit by Kevin Bieksa and loses puck.
5:08 of 3rd period - Snap shot by Mike York.
5:08 of 3rd period - Shot Blocked by Daniel Cleary.
5:10 of 3rd period - Wrist shot by Mike York.
5:10 of 3rd period - Shot Misses the Net.
5:23 of 3rd period - Slapshot by Andrei Markov.
5:23 of 3rd period - Deflect By Daniel Cleary.
5:23 of 3rd period - Deflect By Mike York.
5:23 of 3rd period - Shot Misses the Net.
5:23 of 3rd period - Puck is out of play.
5:24 of 3rd period - Peter Mueller wins face-off versus John Tavares in Blue Jackets zone.
5:39 of 3rd period - Tim Ramholt is hit by John Tavares and loses puck.
5:50 of 3rd period - Radim Vrbata is hit by Andreas Nodl.
5:54 of 3rd period - Snap shot by Jussi Jokinen.
5:54 of 3rd period - Shot Misses the Net.
5:56 of 3rd period - Wrist shot by Brian Lee.
5:56 of 3rd period - Stopped by Keith Kinkaid without a rebound.
5:57 of 3rd period - Peter Mueller wins face-off versus John Tavares in Blue Jackets zone.
6:09 of 3rd period - Snap shot by Mike Brown.
6:09 of 3rd period - Shot Misses the Net.
6:11 of 3rd period - Slapshot by Branislav Mezei.
6:11 of 3rd period - Shot Blocked by Michael Frolik.
6:21 of 3rd period - Slapshot by Radim Vrbata.
6:21 of 3rd period - Stopped by Keith Kinkaid without a rebound.
6:22 of 3rd period - Kevin Porter wins face-off versus Ryan Getzlaf in Blue Jackets zone.
6:27 of 3rd period - Ryan Getzlaf is hit by Andreas Nodl and loses puck.
7:00 of 3rd period - Wrist shot by Michael Frolik.
7:00 of 3rd period - Shot Blocked by Tim Ramholt.
7:18 of 3rd period - Snap shot by Evgeny Artyukhin.
7:18 of 3rd period - Shot Blocked by Andreas Nodl.
7:44 of 3rd period - Slapshot by Pavel Datsyuk.
7:44 of 3rd period - Shot Misses the Net.
8:14 of 3rd period - Slapshot by Brian Lee.
8:14 of 3rd period - Deflect By A.J Thelen.
8:14 of 3rd period - Stopped by Keith Kinkaid without a rebound.
8:15 of 3rd period - Rickard Wallin wins face-off versus Peter Mueller in Blue Jackets zone.
8:24 of 3rd period - Snap shot by Rickard Wallin.
8:24 of 3rd period - Stopped by Keith Kinkaid with a rebound.
8:26 of 3rd period - Snap shot by Matt Cooke.
8:26 of 3rd period - Goal by Matt Cooke - Stars : 2 - Blue Jackets : 2.
8:27 of 3rd period - John Tavares wins face-off versus Martin Havlat in neutral zone.
8:50 of 3rd period - Icing by Branislav Mezei.
8:51 of 3rd period - Peter Mueller wins face-off versus Ryan Getzlaf in Blue Jackets zone.
8:56 of 3rd period - Peter Worrell is hit by Radim Vrbata and loses puck.
9:31 of 3rd period - Minor Penalty to Brian Lee for Interference.
9:32 of 3rd period - John Tavares wins face-off versus Pavel Datsyuk in Stars zone.
9:36 of 3rd period - Snap shot by Scott Hartnell.
9:36 of 3rd period - Shot Blocked by Kevin Bieksa.
9:58 of 3rd period - Wrist shot by Peter Worrell.
9:58 of 3rd period - Shot Blocked by Scott Hartnell.
11:30 of 3rd period - Scott Hartnell is hit by Fedor Fedorov and loses puck.
11:31 of 3rd period - Penalty to Brian Lee is over, Brian Lee is back on ice.
11:39 of 3rd period - Wrist shot by Fedor Fedorov.
11:39 of 3rd period - Shot Misses the Net.
13:03 of 3rd period - Snap shot by Shaone Morrisonn.
13:03 of 3rd period - Shot Blocked by A.J Thelen.
14:11 of 3rd period - Minor Penalty to Brian Lee for Cross-checking.
14:12 of 3rd period - John Tavares wins face-off versus Pavel Datsyuk in Stars zone.
14:37 of 3rd period - Shaone Morrisonn is hit by Branislav Mezei and loses puck.
16:05 of 3rd period - Dustin Penner is hit by Martin Havlat and loses puck.
16:11 of 3rd period - Penalty to Brian Lee is over, Brian Lee is back on ice.
16:16 of 3rd period - Wrist shot by Peter Mueller.
16:16 of 3rd period - Stopped by Pascal Leclaire with a rebound.
16:29 of 3rd period - Mike Brown is hit by Evgeny Artyukhin and loses puck.
16:47 of 3rd period - Minor Penalty to Peter Worrell for High sticking.
16:48 of 3rd period - Mike York wins face-off versus John Tavares in Blue Jackets zone.
16:48 of 3rd period - Mike York is hit by John Tavares.
17:08 of 3rd period - Minor Penalty to Michael Frolik for Interference.
17:09 of 3rd period - Mike York wins face-off versus John Tavares in Stars zone.
17:48 of 3rd period - Slapshot by John Tavares.
17:48 of 3rd period - Stopped by Keith Kinkaid with a rebound.
18:19 of 3rd period - Snap shot by John Tavares.
18:19 of 3rd period - Stopped by Keith Kinkaid with a rebound.
18:21 of 3rd period - Snap shot by Jussi Jokinen.
18:21 of 3rd period - Shot Misses the Net.
18:47 of 3rd period - Penalty to Peter Worrell is over, Peter Worrell is back on ice.
19:08 of 3rd period - Penalty to Michael Frolik is over, Michael Frolik is back on ice.
19:40 of 3rd period - Torey Krug is hit by Shaone Morrisonn and loses puck.
Goals for this period are 1 for Stars vs 1 for Blue Jackets.
Shots for this period are 7 for Stars vs 5 for Blue Jackets.
Overtime #1
0:01 of 1st overtime period - Mike York wins face-off versus John Tavares in neutral zone.
1:31 of 1st overtime period - John Tavares is hit by Torey Krug.
1:43 of 1st overtime period - Brian Lee is hit by Torey Krug and loses puck.
1:58 of 1st overtime period - Dustin Penner is hit by Jeff Taffe and loses puck.
2:25 of 1st overtime period - Jan Bulis is hit by Trevor Daley and loses puck.
3:04 of 1st overtime period - Backhand shot by Dustin Penner.
3:04 of 1st overtime period - Shot Misses the Net.
3:10 of 1st overtime period - Shaone Morrisonn is hit by Kevin Porter and loses puck.
3:32 of 1st overtime period - Martin Havlat is hit by Johnny Oduya and loses puck.
3:49 of 1st overtime period - Jeff Taffe is hit by Andrei Markov and loses puck.
4:18 of 1st overtime period - Snap shot by Jan Bulis.
4:18 of 1st overtime period - Shot Misses the Net.
4:20 of 1st overtime period - Slapshot by Mike Commodore.
4:20 of 1st overtime period - Deflect By Dustin Penner.
4:20 of 1st overtime period - Stopped by Pascal Leclaire without a rebound.
4:21 of 1st overtime period - John Tavares wins face-off versus Jan Bulis in Stars zone.
Goals for this period are 0 for Stars vs 0 for Blue Jackets.
Shots for this period are 0 for Stars vs 1 for Blue Jackets.
ShootOut
5:00 of 1st overtime period - Penalty Shot by John Tavares for Stars.
5:00 of 1st overtime period - Deke by John Tavares.
5:00 of 1st overtime period - Stopped by Keith Kinkaid.
5:00 of 1st overtime period - Penalty Shot by Jeff Taffe for Blue Jackets.
5:00 of 1st overtime period - Snap shot by Jeff Taffe.
5:00 of 1st overtime period - Stopped by Pascal Leclaire.
5:00 of 1st overtime period - Penalty Shot by Scott Hartnell for Stars.
5:00 of 1st overtime period - Snap shot by Scott Hartnell.
5:00 of 1st overtime period - Stopped by Keith Kinkaid.
5:00 of 1st overtime period - Penalty Shot by Pavel Datsyuk for Blue Jackets.
5:00 of 1st overtime period - Wrist shot by Pavel Datsyuk.
5:00 of 1st overtime period - Goal by Pavel Datsyuk.
5:00 of 1st overtime period - Penalty Shot by Jussi Jokinen for Stars.
5:00 of 1st overtime period - Deke by Jussi Jokinen.
5:00 of 1st overtime period - Stopped by Keith Kinkaid.
Back to the Top